PR
SURPRISE SHOCKERS @ VALLEY VIEW COUGARS
07/29/2037
 
TOP OF THE 1ST
Surprise Shockers batting - Pitching for Valley View Cougars : LHP Pepe Fontirroig
Pitching: LHP Pepe Fontirroig
Batting: LHB Bill Kirby 0-0: Ball
1-0: Ball
2-0: Foul Ball, location: 2F
2-1: Called Strike
2-2: Foul Ball, location: 2F
2-2: Strikes out swinging
Batting: RHB Mark Fontenot 0-0: DOUBLE (Line Drive, 9LM, EV 114.4 MPH)
Batting: LHB Dirk Horwedel 0-0: Ball
1-0: Called Strike
1-1: Foul Ball, location: 2F
1-2: Strikes out swinging
Batting: RHB Kunitaro Nii 0-0: Ball
1-0: Ball
2-0: Called Strike
2-1: Fly out, F9 (Flyball, 9LM, EV 90.0 MPH)
Top of the 1st over - 0 runs, 1 hit, 0 errors, 1 left on base; Surprise 0 - Valley View 0
BOTTOM OF THE 1ST
Valley View Cougars batting - Pitching for Surprise Shockers : RHP Tim Eastham
Pitching: RHP Tim Eastham
Batting: RHB Jerry Scott 0-0: Swinging Strike
0-1: Ball
1-1: Fly out, F4 (Popup, 34S, EV 73.1 MPH)
Batting: RHB Tyler Namaes 0-0: Called Strike
0-1: DOUBLE (Flyball, 8RD, EV 91.9 MPH)
Batting: RHB Matt Méndez 0-0: Ball
1-0: Called Strike
1-1: Swinging Strike
1-2: Strikes out swinging
Batting: RHB John Ingham 0-0: Called Strike
0-1: Called Strike
0-2: Foul Ball, location: 2F
0-2: Ball
1-2: Ground out 1-3 (Groundball, P, EV 81.2 MPH)
Bottom of the 1st over - 0 runs, 1 hit, 0 errors, 1 left on base; Surprise 0 - Valley View 0
TOP OF THE 2ND
Surprise Shockers batting - Pitching for Valley View Cougars : LHP Pepe Fontirroig
Batting: RHB Edgar López 0-0: Ground out 1-3 (Groundball, 34S, EV 70.6 MPH)
Batting: RHB Ernest Lesley 0-0: Ball
1-0: Called Strike
1-1: Ball
2-1: Swinging Strike
2-2: Strikes out looking
Batting: LHB Lewis N. Clark 0-0: Foul Ball, location: 2F
0-1: Swinging Strike
0-2: Strikes out swinging
Top of the 2nd over - 0 runs, 0 hits, 0 errors, 0 left on base; Surprise 0 - Valley View 0
BOTTOM OF THE 2ND
Valley View Cougars batting - Pitching for Surprise Shockers : RHP Tim Eastham
Batting: RHB Denis Perrin 0-0: Ball
1-0: Called Strike
1-1: Swinging Strike
1-2: Ball
2-2: Strikes out swinging
Batting: LHB Quentin Batkin 0-0: Foul Ball, location: 2F
0-1: SINGLE (Line Drive, 78S, EV 104.4 MPH)
Batting: RHB Steve Roberson 0-0: Called Strike
0-1: Called Strike
Quentin Batkin steals 2nd base
0-2: SINGLE (Line Drive, 6MD, EV 104.4 MPH)
Quentin Batkin to third
Runner from 3rd tries for Home, SAFE, no throw by CF
Batting: LHB Ruhinda Kirkconnell 0-0: 2-RUN HOME RUN (Flyball, 89XD, EV 108.8 MPH), Distance : 398 ft
Batting: RHB Raúl Villegas 0-0: Ball
1-0: Ball
2-0: Called Strike
2-1: Fly out, F7 (Flyball, 7S, EV 81.2 MPH)
Batting: RHB Jerry Scott 0-0: Ball
1-0: Ball
2-0: SOLO HOME RUN (Flyball, 7D, EV 113.1 MPH), Distance : 375 ft
Batting: RHB Tyler Namaes 0-0: Swinging Strike
0-1: Fly out, F7 (Line Drive, 7D, EV 103.1 MPH)
Bottom of the 2nd over - 4 runs, 4 hits, 0 errors, 0 left on base; Surprise 0 - Valley View 4
TOP OF THE 3RD
Surprise Shockers batting - Pitching for Valley View Cougars : LHP Pepe Fontirroig
Batting: LHB Jamie Starr 0-0: Ball
1-0: Ball
2-0: Foul Ball, location: 2F
2-1: Fly out, F9 (Flyball, 9S, EV 89.4 MPH)
Batting: RHB Andrew Bash 0-0: Ball
1-0: Ball
2-0: Foul Ball, location: 2F
2-1: SINGLE (Flyball, 8RS, EV 93.1 MPH)
Batting: LHB Bill Kirby 0-0: Called Strike
0-1: Fielders Choice at 2nd, 5-4 (Groundball, 56, EV 84.4 MPH)
Batting: RHB Mark Fontenot 0-0: Ball
1-0: SINGLE (Groundball, 56D, EV 97.5 MPH)
Bill Kirby to second
Runner from 2nd tries for 3rd, SAFE, no throw by LF
Batting: LHB Dirk Horwedel 0-0: Ball
1-0: Foul Ball, location: 2F
1-1: Ball
2-1: Ball
3-1: Foul Ball, location: 2F
3-2: Foul Ball, location: 2F
3-2: Strikes out swinging wild pitch, reaches first!
Bill Kirby scores
Mark Fontenot to second
Batting: RHB Kunitaro Nii 0-0: Called Strike
0-1: Ball
1-1: Fly out, F4 (Popup, 4S, EV 76.9 MPH)
Top of the 3rd over - 1 run, 2 hits, 0 errors, 2 left on base; Surprise 1 - Valley View 4
BOTTOM OF THE 3RD
Valley View Cougars batting - Pitching for Surprise Shockers : RHP Tim Eastham
Batting: RHB Matt Méndez 0-0: Called Strike
0-1: Ball
1-1: Ground out 5-3 (Groundball, 5L, EV 80.6 MPH)
Batting: RHB John Ingham 0-0: Called Strike
0-1: Ball
1-1: Foul Ball, location: 2F
1-2: Ball
2-2: Foul Ball, location: 2F
2-2: Ground out 4-3 (Groundball, 4, EV 81.9 MPH)
Batting: RHB Denis Perrin 0-0: Called Strike
0-1: SINGLE (Line Drive, 8RS, EV 100.6 MPH)
Batting: LHB Quentin Batkin 0-0: Ball
1-0: Ball
2-0: Ball
3-0: Called Strike
3-1: Fly out, F9 (Flyball, 89S, EV 95.0 MPH)
Bottom of the 3rd over - 0 runs, 1 hit, 0 errors, 1 left on base; Surprise 1 - Valley View 4
TOP OF THE 4TH
Surprise Shockers batting - Pitching for Valley View Cougars : LHP Pepe Fontirroig
Batting: RHB Edgar López 0-0: Foul Ball, location: 2F
0-1: Swinging Strike
0-2: Strikes out swinging
Batting: RHB Ernest Lesley 0-0: Called Strike
0-1: Called Strike
0-2: Strikes out swinging
Batting: LHB Lewis N. Clark 0-0: Ball
1-0: Ball
2-0: Called Strike
2-1: Foul Ball, location: 2F
2-2: Ball
3-2: Strikes out swinging
Top of the 4th over - 0 runs, 0 hits, 0 errors, 0 left on base; Surprise 1 - Valley View 4
BOTTOM OF THE 4TH
Valley View Cougars batting - Pitching for Surprise Shockers : RHP Tim Eastham
Batting: RHB Steve Roberson 0-0: Ball
1-0: Foul Ball, location: 2F
1-1: Foul Ball, location: 2F
1-2: Strikes out swinging
Batting: LHB Ruhinda Kirkconnell 0-0: Ball
1-0: Ball
2-0: Ball
3-0: Base on Balls
Batting: RHB Raúl Villegas 0-0: Ball
Ruhinda Kirkconnell steals 2nd base
1-0: Ball
Passed Ball!
Ruhinda Kirkconnell to third
2-0: Ground out 4-3 (Groundball, 4, EV 105.6 MPH)
Ruhinda Kirkconnell scores
Batting: RHB Jerry Scott 0-0: Foul Ball, location: 2F
0-1: Ball
1-1: SINGLE (Line Drive, 89S, EV 95.0 MPH)
Batting: RHB Tyler Namaes 0-0: Swinging Strike
0-1: Foul Ball, location: 2F
0-2: Ball
Jerry Scott steals 2nd base
1-2: Strikes out swinging
Bottom of the 4th over - 1 run, 1 hit, 0 errors, 1 left on base; Surprise 1 - Valley View 5
TOP OF THE 5TH
Surprise Shockers batting - Pitching for Valley View Cougars : LHP Pepe Fontirroig
Batting: LHB Jamie Starr 0-0: Foul Ball, location: 2F
0-1: DOUBLE (Flyball, 89D, EV 93.8 MPH)
Batting: RHB Andrew Bash 0-0: Ball
1-0: Called Strike
1-1: Foul Ball, location: 2F
1-2: Strikes out swinging
Batting: LHB Bill Kirby 0-0: Foul Ball, location: 2F
0-1: Ball
1-1: Swinging Strike
1-2: Foul Ball, location: 2F
1-2: Foul Ball, location: 2F
1-2: Ball
2-2: Ground out 4-3 (Groundball, 4, EV 88.1 MPH)
Jamie Starr to third
Batting: RHB Mark Fontenot 0-0: Foul Ball, location: 2F
0-1: Ball
1-1: Called Strike
1-2: Strikes out looking
Top of the 5th over - 0 runs, 1 hit, 0 errors, 1 left on base; Surprise 1 - Valley View 5
BOTTOM OF THE 5TH
Valley View Cougars batting - Pitching for Surprise Shockers : RHP Tim Eastham
Batting: RHB Matt Méndez 0-0: Called Strike
0-1: SINGLE (Line Drive, 6MD, EV 108.1 MPH)
Pitching: RHP Trent Crowder
Batting: RHB John Ingham 0-0: Ball
1-0: Ball
2-0: Called Strike
2-1: SINGLE (Groundball, 56D, EV 102.5 MPH)
Matt Méndez to second
Batting: RHB Denis Perrin 0-0: DOUBLE (Line Drive, 3D, EV 98.1 MPH)
Matt Méndez scores
John Ingham to third
Batting: LHB Quentin Batkin 0-0: Called Strike
0-1: Ball
1-1: Foul Ball, location: 2F
1-2: Ball
2-2: Ball
3-2: Fly out, F4 (Popup, 4, EV 67.5 MPH)
Batting: RHB Steve Roberson 0-0: Ball
1-0: Called Strike
1-1: Ground out 6-3 (Groundball, 6, EV 103.1 MPH)
John Ingham scores
Batting: LHB Ruhinda Kirkconnell 0-0: Foul Ball, location: 2F
0-1: DOUBLE (Line Drive, 78M, EV 96.2 MPH)
Denis Perrin scores
Batting: RHB Raúl Villegas 0-0: 2-RUN HOME RUN (Flyball, 78XD, EV 99.4 MPH), Distance : 401 ft
Pitching: LHP Lloyd Parrel
Batting: RHB Jerry Scott 0-0: Fly out, F8 (Flyball, 78M, EV 72.5 MPH)
Bottom of the 5th over - 5 runs, 5 hits, 0 errors, 0 left on base; Surprise 1 - Valley View 10
TOP OF THE 6TH
Surprise Shockers batting - Pitching for Valley View Cougars : LHP Pepe Fontirroig
Pitching: RHP Jean-Pierre Raynal
Batting: LHB Dirk Horwedel 0-0: Ball
1-0: Foul Ball, location: 2F
1-1: Ball
2-1: Swinging Strike
2-2: Fly out, F7 (Line Drive, 78M, EV 97.5 MPH)
Batting: RHB Kunitaro Nii 0-0: Ball
1-0: Ball
2-0: Foul Ball, location: 2F
2-1: Foul Ball, location: 2F
2-2: Ball
3-2: Strikes out swinging
Batting: RHB Edgar López 0-0: Ball
1-0: Called Strike
1-1: Ball
2-1: Swinging Strike
2-2: Foul Ball, location: 2F
2-2: Ball
3-2: Strikes out swinging
Top of the 6th over - 0 runs, 0 hits, 0 errors, 0 left on base; Surprise 1 - Valley View 10
BOTTOM OF THE 6TH
Valley View Cougars batting - Pitching for Surprise Shockers : LHP Lloyd Parrel
Batting: RHB Tyler Namaes 0-0: Called Strike
0-1: Ground out 1-3 (Groundball, 13S, EV 71.9 MPH)
Batting: RHB Matt Méndez 0-0: Called Strike
0-1: Ball
1-1: Ball
2-1: Foul Ball, location: 2F
2-2: SINGLE (Groundball, 4M, EV 101.9 MPH)
Batting: RHB John Ingham 0-0: Called Strike
0-1: Fly out, F6 (Popup, 6M, EV 75.6 MPH)
Batting: RHB Denis Perrin 0-0: Ball
1-0: Called Strike
1-1: Ball
2-1: Swinging Strike
2-2: Ball
3-2: Strikes out looking
Bottom of the 6th over - 0 runs, 1 hit, 0 errors, 1 left on base; Surprise 1 - Valley View 10
TOP OF THE 7TH
Surprise Shockers batting - Pitching for Valley View Cougars : RHP Jean-Pierre Raynal
Batting: RHB Ernest Lesley 0-0: Ball
1-0: Fly out, F8 (Flyball, 8RXD, EV 100.0 MPH)
Batting: LHB Lewis N. Clark 0-0: Swinging Strike
0-1: Ball
1-1: Foul Ball, location: 2F
1-2: Ball
2-2: Ball
3-2: Foul Ball, location: 2F
3-2: Foul Ball, location: 2F
3-2: SINGLE (Groundball, 4MD, EV 96.2 MPH)
Batting: LHB Jamie Starr 0-0: Fly out, F9 (Flyball, 9S, EV 81.9 MPH)
Batting: RHB Andrew Bash 0-0: Ball
1-0: Ball
2-0: Called Strike
2-1: Ball
3-1: 2-RUN HOME RUN (Flyball, 7LD, EV 106.2 MPH), Distance : 334 ft
Batting: LHB Bill Kirby 0-0: Ball
1-0: Foul Ball, location: 2F
1-1: Called Strike
1-2: SINGLE (Groundball, 4D, EV 110.0 MPH)
Batting: RHB Mark Fontenot 0-0: Ball
1-0: Ball
2-0: Foul Ball, location: 2F
2-1: Foul Ball, location: 2F
2-2: Foul Ball, location: 2F
2-2: Foul Ball, location: 2F
2-2: SINGLE (Groundball, 4MD, EV 110.6 MPH)
Bill Kirby to second
Bill Kirby to third
Batting: LHB Dirk Horwedel 0-0: Ball
1-0: Reached on error, E3 (Groundball, 34, EV 99.4 MPH)
Bill Kirby scores
Mark Fontenot to second
Batting: RHB Kunitaro Nii 0-0: Ball
1-0: SINGLE (Groundball, 56D, EV 103.1 MPH)
Mark Fontenot to third
Dirk Horwedel to second
Runner from 3rd tries for Home, SAFE, no throw by LF
Batting: RHB Edgar López 0-0: Called Strike
0-1: Swinging Strike
0-2: Ball
1-2: Strikes out swinging
Top of the 7th over - 4 runs, 5 hits, 1 error, 2 left on base; Surprise 5 - Valley View 10
BOTTOM OF THE 7TH
Valley View Cougars batting - Pitching for Surprise Shockers : LHP Lloyd Parrel
Batting: LHB Quentin Batkin 0-0: Foul Ball, location: 2F
0-1: Ball
1-1: Fly out, F7 (Flyball, 7LM, EV 95.6 MPH)
Batting: RHB Steve Roberson 0-0: Ball
1-0: Called Strike
1-1: Foul Ball, location: 2F
1-2: SINGLE (Groundball, 6D, EV 95.6 MPH)
Batting: LHB Ruhinda Kirkconnell 0-0: Called Strike
0-1: Called Strike
0-2: Ball
Passed Ball!
Steve Roberson to second
1-2: Ball
2-2: Strikes out swinging
Batting: RHB Raúl Villegas 0-0: Ball
1-0: Foul Ball, location: 2F
1-1: Ball
2-1: Ball
3-1: Foul Ball, location: 2F
3-2: SINGLE (Groundball, 4MD, EV 101.2 MPH)
Steve Roberson to third
Steve Roberson scores
Batting: RHB Jerry Scott 0-0: Called Strike
0-1: Ball
Passed Ball!
Raúl Villegas to second
1-1: Ball
2-1: Ball
3-1: Swinging Strike
3-2: Foul Ball, location: 2F
3-2: DOUBLE (Line Drive, 78M, EV 90.6 MPH)
Raúl Villegas scores
Batting: RHB Tyler Namaes 0-0: Ball
1-0: Swinging Strike
1-1: Ground out 5-3 (Groundball, 56S, EV 84.4 MPH)
Bottom of the 7th over - 2 runs, 3 hits, 0 errors, 1 left on base; Surprise 5 - Valley View 12
TOP OF THE 8TH
Surprise Shockers batting - Pitching for Valley View Cougars : RHP Jean-Pierre Raynal
Batting: RHB Ernest Lesley 0-0: Swinging Strike
0-1: Called Strike
0-2: Ball
1-2: Strikes out looking
Pitching: RHP Khadija Oumar
Batting: LHB Lewis N. Clark 0-0: Called Strike
0-1: Ball
1-1: Ground out 4-3 (Groundball, 4, EV 100.6 MPH)
Batting: LHB Jamie Starr 0-0: Called Strike
0-1: Called Strike
0-2: Ball
1-2: Fly out, F7 (Flyball, 7, EV 91.2 MPH)
Top of the 8th over - 0 runs, 0 hits, 0 errors, 0 left on base; Surprise 5 - Valley View 12
BOTTOM OF THE 8TH
Valley View Cougars batting - Pitching for Surprise Shockers : LHP Lloyd Parrel
Pinch Hitting: LHB Juan Delgado 0-0: Ball
1-0: Swinging Strike
1-1: Ball
2-1: Fly out, F7 (Flyball, 7LS, EV 91.9 MPH)
Pinch Hitting: RHB Jaime López 0-0: Ball
1-0: Ball
2-0: Ball
3-0: Called Strike
3-1: Foul Ball, location: 2F
3-2: Base on Balls
Pitching: RHP Claudio Provencia
Pinch Hitting: LHB Luis Ortíz 0-0: DOUBLE (Line Drive, 9LM, EV 103.8 MPH)
Jaime López to third
Runner from 3rd tries for Home, SAFE, throw by RF to home
Pinch Hitting: RHB Artie Owens 0-0: Called Strike
0-1: Swinging Strike
0-2: Foul Ball, location: 2F
0-2: Strikes out looking
Batting: RHB Steve Roberson 0-0: Ball
1-0: Ball
2-0: Ball
3-0: Base on Balls
Batting: LHB Ruhinda Kirkconnell 0-0: Called Strike
0-1: Called Strike
0-2: Fly out, F6 (Popup, 6M, EV 61.9 MPH)
Bottom of the 8th over - 1 run, 1 hit, 0 errors, 2 left on base; Surprise 5 - Valley View 13
TOP OF THE 9TH
Surprise Shockers batting - Pitching for Valley View Cougars : RHP Khadija Oumar
Now at 2B: Juan Delgado
Now in LF: Bari bin Sayyid
Now in CF: Jaime López
Now in RF: Luis Ortíz
Batting: RHB Andrew Bash 0-0: Ball
1-0: Foul Ball, location: 2F
1-1: Foul Ball, location: 2F
1-2: Strikes out swinging
Batting: LHB Bill Kirby 0-0: Ball
1-0: Ball
2-0: Called Strike
2-1: Called Strike
2-2: Strikes out swinging
Batting: RHB Mark Fontenot 0-0: Ball
1-0: Foul Ball, location: 2F
1-1: Ball
2-1: Fly out, F9 (Flyball, 9S, EV 93.1 MPH)
Top of the 9th over - 0 runs, 0 hits, 0 errors, 0 left on base; Surprise 5 - Valley View 13
Thursday, January 23rd, 2020 - OOTP Baseball 20.8 Build 74